 Dungeon Crawl Stone Soup version 0.28.0 (webtiles) character file.

Game seed: 5559818714150696818

31 blackman the Chopper (level 3, -3/31 HPs)
             Began as a Minotaur Fighter on Feb 5, 2022.
             Slain by an orc warrior skeleton (8 damage)
             ... animated by the malice of Kikubaaqudgha
             ... on level 2 of the Dungeon.
             The game lasted 00:01:06 (814 turns).

blackman the Chopper (Minotaur Fighter)              Turns: 814, Time: 00:01:07

Health: -3/31      AC:  6    Str: 22    XL:     3   Next: 7%
Magic:  2/2        EV:  9    Int:  5    God:
Gold:   59         SH:  4    Dex:  9    Spells: 2/2 levels left

rFire   . . .      SeeInvis .   a - +0 war axe
rCold   . . .      Faith    .   c - +0 buckler
rNeg    . . .      Spirit   .   b - +0 scale mail
rPois   .          Reflect  .   (helmet restricted)
rElec   .          Harm     .   (no cloak)
rCorr   .          Rampage  .   (no gloves)
Will    .....                   (no boots)
Stlth   ..........              (no amulet)
HPRegen 0.10/turn               (no ring)
MPRegen 0.08/turn               (no ring)

@: no status effects
A: horns 2, retaliatory headbutt
a: no special abilities


You were on level 2 of the Dungeon.
You visited 1 branch of the dungeon, and saw 2 of its levels.

You collected 59 gold pieces.

Inventory:

Hand Weapons
 a - a +0 war axe (weapon)
Armour
 b - a +0 scale mail (worn)
 c - a +0 buckler (worn)
Scrolls
 f - 2 scrolls of teleportation {unknown}
 g - a scroll of acquirement {unknown}
 i - a scroll of identify {unknown}
Potions
 d - a potion of might
 e - a potion of mutation {unknown}
 h - a potion of curing {unknown}


   Skills:
 - Level 3.6 Fighting
 + Level 4.3 Axes
 - Level 3.6 Armour
 - Level 3.6 Shields


You had 2 spell levels left.
You didn't know any spells.
Your spell library contained the following spells:

 Spells                   Type           Power      Damage    Failure   Level
 Animate Skeleton         Necr           0%         N/A       88%         1
 Apportation              Tloc           0%         N/A       88%         1
 Pain                     Necr           0%         1d4       88%         1
 Sublimation of Blood     Necr           0%         N/A       95%         2
 Vampiric Draining        Necr           0%         2d6       99%         3
 Alistair's Intoxication  Tmut/Pois      0%         N/A       100%        5


Dungeon Overview and Level Annotations

Branches:
Dungeon (2/15)

Altars:
Kikubaaqudgha


Innate Abilities, Weirdness & Mutations

You have a pair of horns on your head.
You reflexively headbutt those who attack you in melee.


Message History

The centaur skeleton is moderately damaged.
You slash the orc warrior skeleton! You barely miss the gnoll skeleton.
You slash the kobold skeleton!
You destroy the kobold skeleton!
That felt strangely unrewarding.
You slash the centaur skeleton! You headbutt the centaur skeleton!
The centaur skeleton is almost destroyed.
You hit the gnoll skeleton but do no damage.
You hit the orc warrior skeleton.
You block the centaur skeleton's attack.
The centaur skeleton barely misses you. You block the gnoll skeleton's attack.
The orc warrior skeleton barely misses you.
You slash the centaur skeleton!
You destroy the centaur skeleton!
That felt strangely unrewarding.
You hit the orc warrior skeleton. You hit the gnoll skeleton.
You block the hound skeleton's attack. The gnoll skeleton barely misses you.
The orc warrior skeleton hits you but does no damage.
You barely miss the orc warrior skeleton.
The orc warrior skeleton is severely damaged.
You hit the gnoll skeleton. You barely miss the hound skeleton.
The hound skeleton bites you.
The gnoll skeleton hits you but does no damage.
The hound skeleton bites you. The orc warrior skeleton hits you!
* * * LOW HITPOINT WARNING * * *
You are too injured to fight recklessly!
You are too injured to fight recklessly!
You are too injured to fight recklessly!
You are too injured to fight recklessly!
You are too injured to fight recklessly!
You are too injured to fight recklessly!
You are too injured to fight recklessly!
You completely miss the orc warrior skeleton.
The orc warrior skeleton is severely damaged.
You slash the hound skeleton! You completely miss the endoplasm.
You hit the gnoll skeleton.
You destroy the gnoll skeleton!
That felt strangely unrewarding.
The hound skeleton closely misses you. You block the endoplasm's attack.
The orc warrior skeleton hits you!
You die...

#............##....
#............##....
#.........†.....###
##############'#########
........................
.#........####.##.......
..........+.............
.##...○ZZ.####..........
.......@..# #..##.#####
.#....J.○.####.....# #..
#........+.....†#####.#
##.......#####......#'#
.........# #......[..
##........# ##........
..........# #.##.....
.##.......# #........
###...###


You could see an endoplasm, a hound skeleton and an orc warrior skeleton.

Vanquished Creatures
  A centaur skeleton (D:2)
  2 ball pythons (D:2)
  3 bats (D:1)
  4 endoplasms (D:1)
  2 goblins (D:1)
  A hobgoblin (D:2)
  7 jackals (D:1)
  3 kobolds (D:1)
  3 frilled lizards (D:1)
  A gnoll skeleton (D:2)
  A kobold skeleton (D:2)
28 creatures vanquished.

Notes
Turn   | Place    | Note
-------+----------+-------------------------------------------
     0 | D:1      | blackman the Minotaur Fighter began the quest for the Orb.
     0 | D:1      | Reached XP level 1. HP: 19/19 MP: 0/0
    95 | D:1      | Reached skill level 3 in Axes
   100 | D:1      | Reached XP level 2. HP: 19/26 MP: 1/1
   374 | D:1      | Reached skill level 4 in Axes
   429 | D:1      | Found a faded altar of an unknown god.
   512 | D:1      | Prayed at the altar of an unknown god.
   512 | D:1      | Became a worshipper of Kikubaaqudgha
   512 | D:1      | Reached * piety under Kikubaaqudgha
   512 | D:1      | Received a gift from Kikubaaqudgha
   552 | D:1      | Fell from the grace of Kikubaaqudgha
   702 | D:2      | Reached XP level 3. HP: 31/31 MP: 2/2
   814 | D:2      | Slain by an orc warrior skeleton

Illustrated notes

Levels and vault maps discovered:
D:1:      scummos_arrival_checkerplants, layout_basic,
          shapermc_ecumenical_altar_venn, hangedman_abyss_or_decor_lesser_grid
D:2:      minmay_recursive_quarters, layout_basic, minmay_pentomino_v4,
          uniq_natasha, uniq_terence, uniq_crazy_yiuf_cottage

Skill      XL: |  1  2 |
---------------+-------+-----
Axes           | 3 4 |  4.3
Fighting       | |  3.6
Armour         | |  3.6
Shields        | |  3.6

Action                   || total
-------------------------++-------
Melee: War axe           ||    43
       Headbutt          ||     7
Invok: Renounce Religion ||     1
Armor: Scale mail        ||    34
Dodge: Dodged            ||    27
Block: Buckler           ||    12
